 Dungeon Crawl Stone Soup version 0.27.1-1-g398f81649c (webtiles) character file.

Game seed: 2883513432674572605

3993 TheGamechu the Carver (level 10, -5/90 HPs)
             Began as a Minotaur Berserker on Sept 14, 2021.
             Was an Elder of Trog.
             Slain by an orc warrior (11 damage)
             ... on level 8 of the Dungeon.
             The game lasted 00:41:45 (9116 turns).

TheGamechu the Carver (Minotaur Berserker)          Turns: 9116, Time: 00:41:46

Health: -5/90      AC: 21    Str: 24    XL:     10   Next: 3%
Magic:  0/9        EV:  8    Int:  4    God:    Trog [****..]
Gold:   511        SH:  0    Dex: 11    Spells: 9/9 levels left

rFire    . . .     SeeInvis .   G - +2 falchion (vorpal)
rCold    . . .     Faith    .   (no shield)
rNeg     . . .     Spirit   +   c - +0 plate armour
rPois    .         Reflect  .   J - +1 hat
rElec    .         Harm     .   (no cloak)
rCorr    .         Rampage  .   A - +0 pair of gloves
Will     +....                  D - +0 pair of boots
Stlth    ..........             z - amulet of guardian spirit
HPRegen  0.25/turn              F - +4 ring of protection
MPRegen  0.11/turn              h - ring of willpower

@: invisible
A: horns 2, retaliatory headbutt
a: Renounce Religion, Berserk, Trog's Hand, Brothers in Arms


You were on level 8 of the Dungeon.
You worshipped Trog.
Trog was greatly pleased with you.
You visited 1 branch of the dungeon, and saw 8 of its levels.
You also visited: Bailey.

You collected 511 gold pieces.

Inventory:

Hand Weapons
 G - a +2 vorpal falchion (weapon)
 I - the +3 hunting sling of Magnificence {vorpal, rC- Str+9 Int+2 SInv}
   (You took it off an orc on level 6 of the Dungeon)

   Any ammunition fired from it inflicts extra damage upon your enemies.
   Str:       It affects your strength (+9).
   Int:       It affects your intelligence (+2).
   rC:        It makes you vulnerable to cold.
   SInv:      It lets you see invisible.
 L - the +8 mace "Exudisug" {flame, rElec SInv}
   (You found it on level 7 of the Dungeon)

   It burns those it strikes, dealing additional fire damage.
   rElec:     It insulates you from electricity.
   SInv:      It lets you see invisible.
Missiles
 b - 48 sling bullets
 d - 194 stones
 f - 2 silver boomerangs (quivered)
 m - 2 boomerangs
 x - 8 poisoned darts
Armour
 c - a +0 plate armour (worn)
 A - a +0 pair of gloves (worn)
 D - a +0 pair of boots (worn)
 J - a +1 hat (worn)
Jewellery
 a - an amulet of faith
 h - a ring of willpower (right hand)
 i - a ring of protection from fire
 p - a ring of ice
 q - an amulet of reflection
 z - an amulet of guardian spirit (around neck)
 F - a +4 ring of protection (left hand)
Wands
 O - a wand of acid (6)
Scrolls
 e - 4 scrolls of teleportation
 j - 2 scrolls of amnesia
 l - 4 scrolls of fear
 n - a scroll of fog {unknown}
 t - 4 scrolls of magic mapping
 u - a scroll of immolation {unknown}
 v - a scroll of blinking {unknown}
 w - a scroll of brand weapon {unknown}
 y - 2 scrolls of enchant armour {unknown}
 B - a scroll of enchant weapon {unknown}
 C - a scroll of acquirement {unknown}
 K - a scroll of identify
 M - a scroll of noise {unknown}
Potions
 k - a potion of lignification {unknown}
 o - 2 potions of ambrosia
 r - a potion of cancellation {unknown}
 s - a potion of berserk rage {unknown}
 E - 5 potions of heal wounds {unknown}
 H - 2 potions of haste
 N - a potion of mutation {unknown}


   Skills:
 + Level 8.5 Fighting
 * Level 11.2 Long Blades
 + Level 6.2 Throwing
 - Level 8.0 Armour
 - Level 2.3 Dodging
 - Level 2.0 Stealth


You had 9 spell levels left.
You didn't know any spells.
Your spell library was empty.

Dungeon Overview and Level Annotations

Branches:
Dungeon (8/15)             Temple (0/1) D:7            Lair (0/6) D:8
 Bailey (visited)

Altars:
Gozag
Hepliaklqana


Innate Abilities, Weirdness & Mutations

You have a pair of horns on your head.
You reflexively headbutt those who attack you in melee.


Message History

The orc knight is moderately wounded.
The orc warlord roars a battlecry!
You throw a silver boomerang.
The silver boomerang hits the orc knight but does no damage.
The orc knight is moderately wounded.
You throw a silver boomerang.
The silver boomerang hits the orc knight but does no damage.
The orc knight is moderately wounded.
The orc warrior no longer looks unusually strong. x2
You throw a silver boomerang.
The silver boomerang hits the orc knight!
The orc knight is heavily wounded.
You throw a silver boomerang.
The silver boomerang barely misses the orc knight.
The silver boomerang hits the orc warlord.
The orc warlord is lightly wounded.
The orc warlord roars a battlecry!
The orc warriors go into a battle-frenzy!
The orc knight hits you with a +0 war axe.
Welcome back to the Dungeon!
There is an empty arch of ancient stone here.
You closely miss the orc knight.
The orc knight is heavily wounded.
You hit the orc knight but do no damage.
The orc knight is heavily wounded.
The orc warrior hits you with a +0 war axe!!
The orc knight hits you with a +0 war axe!!
You hit the orc knight but do no damage.
The orc knight is heavily wounded.
The orc warrior hits you with a +0 war axe.
* * * LOW HITPOINT WARNING * * *
The orc knight hits you with a +0 war axe!!
* * * LOW HITPOINT WARNING * * *
Okay, then.
Okay, then.
The orc knight no longer looks unusually strong.
Found a stone staircase leading down.
You fade into invisibility!
The orc warrior hits you with a +0 war axe!
You die...

#...........###...#
#.8..)∩...8........
#...÷).............
#............).....
#..8.....8.........
#............##...#
#.....8......##...#
#.###...#..........
#.@oo...+..........
#####...#..........
#...#*.|.#*****
#####*,.>#*,,,*
*,,,,,,,,,,
*,,,,,,,,,,
*,,,,,,,,,,
********,,*
*,,,***,,*


You could see an orc knight and an orc warrior (strong).

Vanquished Creatures
  Prince Ribbit (D:6)
  Sigmund (D:4)
  A yak (D:6)
  Duvessa (D:3)
  8 orc warriors (Bailey)
  5 ogres
  A sky beast (D:5)
  A black bear (D:7)
  2 centaurs
  A bullfrog (D:7)
  4 scorpions
  A water moccasin zombie (D:7)
  A water moccasin skeleton (D:6)
  Dowan (D:4)
  A wyvern skeleton (D:6)
  2 killer bees (D:8)
  2 howler monkeys (D:6)
  A centaur zombie (D:6)
  A bullfrog zombie (D:6)
  A jelly (D:4)
  2 orc priests
  4 hounds
  A bullfrog skeleton (D:5)
  2 gnoll shamans
  Terence (D:3)
  Jessica (D:3)
  5 iguanas
  Natasha (thrice) (D:3)
  4 orc wizards
  17 gnolls
  13 adders
  A white imp (D:6)
  An ufetubus (D:6)
  3 worms (D:2)
  2 dart slugs (D:4)
  41 orcs
  6 endoplasms
  A giant cockroach (D:1)
  28 hobgoblins
  3 jackals (D:1)
  4 kobolds
  6 quokkas
  7 ball pythons
  6 bats
  A frilled lizard (D:1)
  17 goblins
  9 rats
226 creatures vanquished.

Vanquished Creatures (collateral kills)
  A killer bee (D:8)
1 creature vanquished.

Grand Total: 227 creatures vanquished

Notes
Turn   | Place    | Note
-------+----------+-------------------------------------------
     0 | D:1      | TheGamechu the Minotaur Berserker began the quest for the
                  | Orb.
     0 | D:1      | Reached XP level 1. HP: 19/19 MP: 0/0
   133 | D:1      | Reached XP level 2. HP: 27/27 MP: 1/1
   210 | D:1      | Reached skill level 4 in Long Blades
   863 | D:1      | Found a faded altar of an unknown god.
   878 | D:1      | Reached XP level 3. HP: 33/33 MP: 2/2
  1350 | D:2      | Reached skill level 1 in Throwing
  1462 | D:2      | Reached skill level 1 in Stealth
  1553 | D:2      | Reached ** piety under Trog
  1862 | D:2      | Reached XP level 4. HP: 33/40 MP: 3/3
  2425 | D:3      | Noticed a scorpion
  2430 | D:3      | Killed a scorpion
  2431 | D:3      | Reached XP level 5. HP: 47/47 MP: 4/4
  2638 | D:3      | Noticed Terence
  2650 | D:3      | Killed Terence
  2651 | D:3      | Reached skill level 5 in Long Blades
  3205 | D:3      | Found a hazy altar of Hepliaklqana.
  3378 | D:3      | Noticed Natasha
  3392 | D:3      | Killed Natasha
  3418 | D:3      | Noticed Jessica
  3426 | D:3      | Killed Jessica
  3506 | D:3      | Noticed Natasha
  3522 | D:3      | Found a hazy altar of Hepliaklqana.
  3574 | D:3      | Killed Natasha
  3575 | D:3      | Reached XP level 6. HP: 39/55 MP: 5/5
  3625 | D:3      | Noticed Natasha
  3640 | D:3      | Killed Natasha
  4000 | D:4      | Noticed Sigmund
  4011 | D:4      | Noticed Duvessa
  4247 | D:4      | Killed Sigmund
  4248 | D:4      | Reached skill level 5 in Fighting
  4248 | D:4      | Reached skill level 6 in Long Blades
  4248 | D:4      | Reached XP level 7. HP: 52/61 MP: 6/6
  4340 | D:4      | Noticed Dowan
  4405 | D:4      | Killed Dowan
  4417 | D:3      | Killed Duvessa
  4418 | D:3      | Reached skill level 7 in Long Blades
  4934 | D:5      | Entered Level 5 of the Dungeon
  4977 | D:5      | Reached skill level 5 in Armour
  5154 | D:5      | Identified the +3 hunting sling "Diqo" {vorpal, rF+}
  5467 | D:5      | Reached XP level 8. HP: 65/70 MP: 7/7
  5633 | D:5      | Reached skill level 8 in Long Blades
  6746 | D:6      | Noticed Prince Ribbit
  6761 | D:6      | Killed Prince Ribbit
  6868 | D:6      | Reached skill level 9 in Long Blades
  7017 | D:6      | Reached *** piety under Trog
  7018 | D:6      | Reached XP level 9. HP: 79/79 MP: 8/8
  7024 | D:6      | Reached skill level 5 in Throwing
  7056 | D:6      | Identified the +3 hunting sling of Magnificence {vorpal,
                  | rC- Str+9 Int+2 SInv}
  7138 | D:6      | Reached skill level 10 in Long Blades
  7918 | D:7      | Identified the +8 mace "Exudisug" {flame, rElec SInv}
  8065 | D:7      | Found a staircase to the Ecumenical Temple.
  8292 | D:8      | Found a staircase to the Lair.
  8326 | D:8      | Found an opulent altar of Gozag.
  8349 | D:8      | Found a flagged portal.
  8383 | Bailey   | Entered a bailey
  8396 | Bailey   | Reached **** piety under Trog
  8614 | Bailey   | Reached skill level 11 in Long Blades
  8808 | Bailey   | Reached XP level 10. HP: 58/90 MP: 9/9
  9078 | Bailey   | Noticed an orc warlord
  9080 | Bailey   | Noticed an orc knight
  9106 | D:8      | HP: 4/90 [orc knight (23)]
  9116 | D:8      | Slain by an orc warrior

Illustrated notes

Levels and vault maps discovered:
D:1:      amcnicky_arrival_underground_garden, layout_loops_ring,
          hellmonk_ecumenical_altar_crossroads, serial_rivers,
          chequers_serial_rivers_small_b, chequers_serial_rivers_room_a,
          chequers_serial_rivers_room_b, chequers_serial_rivers_large_a,
          chequers_serial_rivers_large_b, grunt_decor_one_mirror
D:2:      layout_loops_ring, minmay_misc_feat_chi, minmay_hedge_maze,
          st_stairs_1, kennysheep_generic_room_7
D:3:      layout_basic, nicolae_overflow_crystal_walls, mrwooster_statue_mirror,
          kennysheep_cross_room, uniq_terence, uniq_natasha, uniq_jessica
D:4:      layout_cave_pools, uniq_duvessa, uniq_sigmund
D:5:      layout_layer_cave
D:6:      layout_rooms, minmay_joined_circles, uniq_prince_ribbit1
D:7:      layout_cave_pools, minmay_temple_entry_hall
D:8:      layout_gridville, grunt_gozag_statues, lair_entry_dummy,
          enter_bailey_6, minmay_liquid_box

Skill      XL: |  1  2  3  4  5  6  7  8  9 10 |
---------------+-------------------------------+-----
Long Blades    | 4 5 6 7 9 11 | 11.2
Fighting       | 4 5 6 7 8 |  8.5
Throwing       | 1 2 3 4 6 |  6.2
Stealth        | 1 2 |  2.0
Armour         | 3 4 5 6 7 8 |  8.0
Dodging        | |  2.3

Action                   |  1- 3 |  4- 6 |  7- 9 | 10-12 || total
-------------------------+-------+-------+-------+-------++-------
Melee: Falchion          |    67 |    90 |   352 |    27 ||   536
       Headbutt          |     9 |    17 |    80 |     3 ||   109
 Fire: Hunting sling     |       |       |    16 |       ||    16
Throw: Stone             |    20 |     8 |   116 |       ||   144
       Dart              |    17 |    44 |       |     1 ||    62
       Boomerang         |       |       |    19 |    17 ||    36
Invok: Trog's Hand       |       |     3 |     7 |       ||    10
       Berserk           |       |     1 |     4 |       ||     5
  Use: Scroll            |       |       |     9 |       ||     9
       Potion            |       |       |     2 |     1 ||     3
Armor: Animal skin       |     4 |       |       |       ||     4
       Leather armour    |     7 |     4 |       |       ||    11
       Ring mail         |       |    10 |       |       ||    10
       Chain mail        |       |     5 |    60 |       ||    65
       Skin              |       |     5 |       |       ||     5
       Plate armour      |       |       |   159 |     6 ||   165
Dodge: Dodged            |    50 |    45 |   120 |     8 ||   223
Block: Other             |       |     6 |       |       ||     6
       Rpst.: Falchion   |    16 |     8 |    29 |     2 ||    55
